 Dungeon Crawl Stone Soup version 0.32-a0-814-g0968bab981 (webtiles) character file.

Game seed: 13662780186562404832

36094 runemasterragnar the Skirmisher (level 13, -1/103 HPs)
             Began as a Coglin Hunter on Mar 22, 2024.
             Was the Champion of Okawaru.
             Slain by a harpy skeleton (7 damage)
             ... on level 2 of the Abyss.
             The game lasted 00:33:57 (14755 turns).

runemasterragnar the Skirmisher (Coglin Hunter)    Turns: 14755, Time: 00:33:58

Health: -1/103     AC: 27    Str: 13    XL:     13   Next: 88%
Magic:  0/9        EV:  5    Int: 10    God:    Okawaru [******]
Gold:   1252       SH:  0    Dex: 35    Spells: 12/12 levels left

rFire   + . .        K - +8 hand cannon "Zorud" {heavy, MP-9 Dex+9}
rCold   + . .        E - +2 sling (drain) {Edeltraud}
rNeg    . . .        O - +7 plate armour of Hejeguxe {rPois Str+2 Dex+4}
rPois   +            (no helmet)
rElec   .            h - scarf {rC+ rF+}
rCorr   .            L - +1 pair of gloves
SInv    .            k - +0 pair of boots
Will    .....        (amulet unavailable) Stlth
                     (ring unavailable)
HPRegen 1.17/turn    (ring unavailable)
MPRegen 0.11/turn    (no gizmo)

%: no passive effects
@: hasted, studying Armour, revved, very quick
A: off-hand wielding, slow wielding, warmup strikes, no jewellery, iridescent
scales 1, regeneration 1, MP-powered wands, noise suppression
a: Invent Gizmo, Renounce Religion, Heroism, Finesse, Duel


You were on level 2 of the Abyss.
You worshipped Okawaru.
Okawaru was exalted by your worship.
You visited 4 branches of the dungeon, and saw 17 of its levels.
You visited the Abyss 1 time.
You also visited: Sewer and Bailey.

You collected 1523 gold pieces.
You spent 271 gold pieces at shops.

Inventory:

Hand Weapons
 E - a +2 sling of draining (offhand) {Edeltraud}
 K - the +8 hand cannon "Zorud" (weapon) {heavy, MP-9 Dex+9}
   (Okawaru gifted it to you on level 12 of the Dungeon)

   Dex+9:     It affects your dexterity (+9).
   MP-9:      It affects your magic capacity (-9).
Armour
 h - a scarf of resistance (worn)
 k - a +0 pair of boots (worn)
 l - a +1 cloak of preservation
 q - the +2 leather armour of Restlessness {Regen+ rCorr MP-9 Stlth+}
   (You found it in a bailey)

   MP-9:      It affects your magic capacity (-9).
   Regen+:    It increases your rate of health regeneration.
   rCorr:     It protects you from acid and corrosion.
   Stlth+:    It makes you more stealthy.
 u - the orb of the Slashing Gods {mayhem, Necro Fire}
   (You found it on level 4 of the Dungeon)

   Necro:     It increases the power of your Necromancy spells.
   Fire:      It increases the power of your Fire spells.
 w - a +3 ring mail of cold resistance
 z - a +4 plate armour
 I - +0 acid dragon scales
 L - a +1 pair of gloves (worn)
 O - the +7 plate armour of Hejeguxe (worn) {rPois Str+2 Dex+4}
   (Okawaru gifted it to you on level 12 of the Dungeon)

   Str+2:     It affects your strength (+2).
   Dex+4:     It affects your dexterity (+4).
   rPois:     It protects you from poison.
Wands
 p - a wand of polymorph (23)
 J - a wand of roots (8)
Scrolls
 b - a scroll of butterflies
 e - 2 scrolls of revelation
 f - 3 scrolls of immolation
 r - 3 scrolls of enchant armour
 s - 4 scrolls of teleportation
 A - 2 scrolls of summoning
 D - 3 scrolls of torment
 G - 2 scrolls of enchant weapon
 H - a scroll of brand weapon
 M - a scroll of fog
 N - a scroll of fear
Potions
 c - 2 potions of degeneration
 g - a potion of cancellation
 i - 5 potions of might
 j - 2 potions of invisibility
 n - a potion of attraction
 o - 2 potions of curing
 v - 2 potions of mutation
 C - 2 potions of lignification
 F - a potion of brilliance
Miscellaneous
 x - a phial of floods
 y - a box of beasts


   Skills:
 + Level 10.2 Fighting
 * Level 13.3 Ranged Weapons
 + Level 10.4 Armour
 - Level 2.5 Dodging
 - Level 1.8 Stealth
 + Level 7.6 Invocations
 + Level 11.7 Evocations


You had 12 spell levels left.
You didn't know any spells.
Your spell library contained the following spells:

 Spells                   Type           Power      Damage    Failure   Level
 Magic Dart               Conj           0%         1d3       100%        1
 Searing Ray              Conj           0%         2d4       100%        2
 Sublimation of Blood     Necr           0%         N/A       100%        2
 Stone Arrow              Conj/Erth      0%         3d7       100%        3
 Fulminant Prism          Conj/Alch      0%         3d5       100%        4
 Petrify                  Alch/Erth      0%         N/A       100%        4
 Irradiate                Conj/Alch      0%         3d11      100%        5
 Lehudib's Crystal Spear  Conj/Erth      0%         10d2      100%        8
 Animate Armour           Summ/Erth      Unusable   N/A       N/A         4

Dungeon Overview and Level Annotations

Branches:
Dungeon (13/15)            Temple (1/1) D:4            Lair (0/5) D:9
    Orc (2/2) D:12            Elf (1/3) Orc:2         Sewer (visited)
 Bailey (visited)
 Vaults: D:13-14

Altars:
Ashenzari
Cheibriados
Dithmenos
Elyvilon
Fedhas
Gozag
Hepliaklqana
Kikubaaqudgha
Makhleb
Nemelex Xobeh
Okawaru
Qazlal
Ru
Sif Muna
Trog
Uskayaw
Vehumet
Wu Jian
Xom
Yredelemnul
Zin
The Shining One

Shops:
D:2 [   D:9 *   Orc:2 *?[(


Innate Abilities, Weirdness & Mutations

You can wield a second weapon in your off-hand.
It takes a long time for you to wield or remove held weapons.
Your first few attacks do less damage.
You cannot equip rings or amulets.
You are partially covered in iridescent scales. (AC +2)
Your natural rate of healing is unusually fast.
You expend magic power (3 MP) to strengthen your wands.
You passively dampen the noise of your surroundings.


Message History

As you read the scroll of blinking, it crumbles to dust.
The grasping roots constrict the reaper.
Unknown command.
Fire: K) +8 hand cannon "Zorud" {heavy, MP-9 Dex+9}
Press: ? - help, Q - select action, (/) - cycle Shift-Dir - straight line, f - reaper
Aim: a reaper, wielding a +4 scythe of flaming (magical condensation, moderately wounded, constricted by roots, 98% to hit)
You shoot a sling bullet. You shoot a slug. The slug hits the reaper!!!
You kill the reaper!
Okawaru is honoured by your kill.
Unknown command.
Fire: K) +8 hand cannon "Zorud" {heavy, MP-9 Dex+9}
Press: ? - help, Q - select action, (/) - cycle Shift-Dir - straight line, f - harpy skeleton
Aim: a harpy skeleton (magical condensation, 92% to hit)
You shoot a sling bullet.
The sling bullet hits the harpy skeleton.
The harpy skeleton is lightly damaged.
You shoot a slug. The slug hits the harpy skeleton!!
The harpy skeleton is heavily damaged.
The harpy skeleton barely misses you. The harpy skeleton claws you.
* * * LOW HITPOINT WARNING * * *
The harpy skeleton claws you but does no damage.
The harpy skeleton barely misses you. x2
The harpy skeleton claws you but does no damage.
Something hits you.
* * * LOW HITPOINT WARNING * * *
Unknown command.
Fire: K) +8 hand cannon "Zorud" {heavy, MP-9 Dex+9}
Press: ? - help, Q - select action, (/) - cycle Shift-Dir - straight line, f/p - harpy skeleton
Aim: a harpy skeleton (magical condensation, heavily damaged, 92% to hit)
You shoot a slug. The slug hits the harpy skeleton!
The harpy skeleton is severely damaged.
You shoot a sling bullet.
The sling bullet hits the harpy skeleton.
The harpy skeleton is almost destroyed.
You hear a shout!
The harpy skeleton barely misses you. The harpy skeleton closely misses you.
The harpy skeleton claws you but does no damage.
The harpy skeleton claws you!
You die...

. #. . #. .###.>
# ## .. .###. .
.#.#.#.. ## .# #
...#..# .... #
#..##Z.#.##..#.#
#.☼@....#. #
##°####.)..# .
## ##..###.
#..#.. .# # #
.....#..##...
.#. #......# . #
.#.# #.. .
#..#..#.#.. #..
...# .#.#


You could see a harpy skeleton.

Vanquished Creatures
  Jorgrun (D:12)
  A reaper (Abyss:2)
  Josephine (D:12)
  A centaur warrior (D:12)
  A boulder beetle (D:12)
  A two-headed ogre (D:12)
  An occultist (D:11)
  5 orc high priests (Orc:2)
  Sonja (Orc:1)
  A fire crab (Bailey)
  A sixfirhy (Abyss:2)
  8 orc knights (Orc:2)
  A deep elf zephyrmancer (Bailey)
  2 ugly things
  An obsidian bat (Orc:2)
  6 cyclopes
  Maurice (D:7)
  An apocalypse crab (Abyss:2)
  2 gargoyles (D:11)
  Maggie (D:7)
  2 kobold demonologists
  A komodo dragon (D:12)
  A queen bee (D:8)
  6 trolls
  A raiju (Abyss:2)
  4 slime creatures (D:12)
  A ynoxinul (Abyss:2)
  A wyvern (D:11)
  12 yaks
  A shadow (D:10)
  6 wraiths
  A fire elemental (Elf:1)
  Eustachio (D:6)
  2 wargs
  5 vampire mosquitoes (D:11)
  2 water moccasins
  2 acid dragons
  2 black bears
  3 ice beasts
  40 orc warriors
  A small abomination (Abyss:2)
  4 ogres
  3 centaurs
  2 phantoms (D:4)
  4 kobold brigands
  A bullfrog (D:6)
  2 gnoll sergeants
  4 scorpions
  8 wights
  11 killer bees (D:8)
  A vampire bat (D:4)
  7 howler monkeys
  2 lava snakes (D:7)
  4 bombardier beetles
  A gnoll bouda (D:7)
  35 orc priests
  3 sleepcaps (D:6)
  Crazy Yiuf (D:7)
  5 hounds
  4 jellies
  9 starcursed masses (Abyss:2)
  2 iguanas
  27 orc wizards
  11 gnolls
  8 adders
  A river rat (Sewer)
  A shadow imp (D:7)
  2 white imps (D:6)
  4 ufetubi
  10 ribbon worms
  4 dart slugs
  100 orcs
  5 bats
  4 bat skeletons (D:4)
  3 bat zombies (D:4)
  14 endoplasms
  3 giant cockroaches
  5 hobgoblins
  6 jackals
  4 quokkas
  6 ball pythons
  7 frilled lizards
  6 goblins
  21 kobolds
  13 rats
511 creatures vanquished.

Notes
Turn   | Place    | Note
-------+----------+-------------------------------------------
     0 | D:1      | runemasterragnar the Coglin Hunter began the quest for the
                  | Orb.
     0 | D:1      | Reached XP level 1. HP: 16/16 MP: 1/1
    52 | D:1      | Reached skill level 1 in Stealth
    54 | D:1      | Reached XP level 2. HP: 22/22 MP: 2/2
   390 | D:2      | Reached skill level 4 in Ranged Weapons
   390 | D:2      | Reached XP level 3. HP: 27/27 MP: 3/3
   404 | D:2      | Found Nuqunt's Armour Shop.
   695 | D:2      | Reached XP level 4. HP: 34/34 MP: 4/4
  1275 | D:3      | Found a faded altar of an unknown god.
  1345 | D:3      | Found a glowing drain.
  1355 | Sewer    | Entered a sewer
  1592 | Sewer    | Reached XP level 5. HP: 38/40 MP: 5/5
  1702 | Sewer    | Reached skill level 1 in Armour
  1706 | Sewer    | Found a viscous altar of Jiyva.
  2087 | D:3      | Noticed a black bear
  2093 | D:3      | Killed a black bear
  2094 | D:3      | Reached skill level 5 in Ranged Weapons
  2094 | D:3      | Reached XP level 6. HP: 43/47 MP: 6/6
  2597 | D:4      | Reached XP level 7. HP: 52/53 MP: 7/7
  2603 | D:4      | Found a staircase to the Ecumenical Temple.
  2645 | Temple   | Entered the Ecumenical Temple
  2658 | Temple   | Became a worshipper of Warmaster Okawaru
  2874 | D:4      | Reached skill level 6 in Ranged Weapons
  2917 | D:4      | Reached skill level 1 in Evocations
  2945 | D:4      | Reached skill level 1 in Invocations
  2968 | D:4      | Found a burning altar of Makhleb.
  3076 | D:4      | Identified the orb of the Slashing Gods {mayhem, Necro
                  | Fire}
  3243 | D:4      | Found an ancient bone altar of Kikubaaqudgha.
  3260 | D:4      | Reached * piety under Okawaru
  3303 | D:4      | Reached XP level 8. HP: 61/61 MP: 8/8
  3682 | D:5      | Entered Level 5 of the Dungeon
  3787 | D:5      | Reached ** piety under Okawaru
  3848 | D:5      | Reached skill level 5 in Fighting
  3848 | D:5      | Reached skill level 7 in Ranged Weapons
  3862 | D:5      | Found a bloodstained altar of Trog.
  3920 | D:5      | Found a shimmering blue altar of Sif Muna.
  3920 | D:5      | Found a snail-covered altar of Cheibriados.
  4130 | D:5      | Found a white marble altar of Elyvilon.
  4539 | D:6      | Reached XP level 9. HP: 60/68 MP: 10/10
  5018 | D:6      | Noticed Eustachio
  5033 | D:6      | Killed Eustachio
  5110 | D:6      | Reached *** piety under Okawaru
  5140 | D:6      | Reached skill level 8 in Ranged Weapons
  5165 | D:6      | Reached skill level 5 in Evocations
  5176 | D:6      | Identified the +2 falchion of the Boiling Point {speed,
                  | Will+}
  5998 | D:7      | Noticed Maurice
  6005 | D:7      | Maurice stole 215 gold
  6006 | D:7      | Maurice stole the orb of the Slashing Gods {mayhem, Necro
                  | Fire}
  6009 | D:7      | Maurice stole 81 gold
  6022 | D:7      | Killed Maurice
  6090 | D:7      | Found a flagged portal.
  6097 | Bailey   | Entered a bailey
  6329 | Bailey   | Reached XP level 10. HP: 58/76 MP: 10/12
  6343 | Bailey   | Reached skill level 5 in Armour
  6345 | Bailey   | Found a large runed translucent door.
  6345 | Bailey   | Found a large runed translucent door.
  6346 | Bailey   | Noticed a deep elf zephyrmancer
  6365 | Bailey   | Noticed an orc knight
  6380 | Bailey   | an orc knight changed into a fire crab
  6380 | Bailey   | Noticed a fire crab
  6576 | Bailey   | Killed a fire crab
  6577 | Bailey   | Reached skill level 9 in Ranged Weapons
  6725 | Bailey   | Gained mutation: You are partially covered in iridescent
                  | scales. (AC +2) [potion of mutation]
  6725 | Bailey   | Gained mutation: You expend magic power (3 MP) to
                  | strengthen your wands. [potion of mutation]
  6725 | Bailey   | Gained mutation: You passively dampen the noise of your
                  | surroundings. [potion of mutation]
  6725 | Bailey   | Gained mutation: Your natural rate of healing is unusually
                  | fast. [potion of mutation]
  6734 | Bailey   | Killed a deep elf zephyrmancer
  6734 | Bailey   | Reached **** piety under Okawaru
  6751 | Bailey   | Identified the +2 leather armour of Restlessness {Regen+
                  | rCorr MP-9 Stlth+}
  7076 | D:7      | Noticed Maggie
  7097 | D:7      | Killed Maggie
  7538 | D:7      | You fall into a shaft and drop 2 floors!
  7787 | D:9      | Found Biykh's Assorted Antiques.
  7795 | D:9      | Bought a scroll labelled VIG BAFEPRE for 27 gold pieces
  7795 | D:9      | Bought a scroll labelled RETEUD OVEUMM for 27 gold pieces
  7795 | D:9      | Bought a glowing sling for 121 gold pieces
  8407 | D:9      | Found a staircase to the Lair.
  8692 | D:8      | Reached XP level 11. HP: 84/84 MP: 14/14
  8776 | D:8      | Reached ***** piety under Okawaru
  8790 | D:8      | Reached skill level 10 in Ranged Weapons
  9001 | D:7      | Found a runed translucent door.
  9002 | D:7      | Noticed Crazy Yiuf
  9309 | D:7      | Killed Crazy Yiuf
  9422 | D:8      | Reached skill level 5 in Invocations
 10002 | D:10     | Entered Level 10 of the Dungeon
 10255 | D:10     | Found an opulent altar of Gozag.
 10520 | D:10     | Received a gift from Okawaru
 11166 | D:11     | Noticed an occultist
 11184 | D:11     | Killed an occultist
 11486 | D:11     | Noticed a red ugly thing
 11494 | D:11     | Killed a red ugly thing
 11495 | D:11     | Reached skill level 11 in Ranged Weapons
 11524 | D:11     | Reached XP level 12. HP: 94/94 MP: 14/16
 11853 | D:11     | Found an iron altar of Okawaru.
 11976 | D:12     | Acquired a manual of Armour
 12163 | D:12     | Found a staircase to the Orcish Mines.
 12195 | D:12     | Reached ****** piety under Okawaru
 12198 | D:12     | Acquired the +8 hand cannon "Zorud" {heavy, MP-9 Dex+9}
 12198 | D:12     | Received a gift from Okawaru
 12210 | D:12     | Acquired the +7 plate armour of Hejeguxe {rPois Str+2
                  | Dex+4}
 12210 | D:12     | Received a gift from Okawaru
 12270 | D:12     | Noticed Josephine
 12273 | D:12     | Killed Josephine
 12273 | D:12     | Noticed a two-headed ogre
 12282 | D:12     | Killed a two-headed ogre
 12282 | D:12     | Received a gift from Okawaru
 12329 | D:12     | Noticed a centaur warrior
 12331 | D:12     | Killed a centaur warrior
 12332 | D:12     | Reached skill level 10 in Evocations
 12495 | D:12     | Noticed Jorgrun
 12508 | D:12     | Killed Jorgrun
 12509 | D:12     | Reached skill level 12 in Ranged Weapons
 12747 | D:12     | Noticed a boulder beetle
 12752 | D:12     | Killed a boulder beetle
 12752 | D:12     | Received a gift from Okawaru
 13163 | Orc:1    | Entered Level 1 of the Orcish Mines
 13210 | Orc:1    | Noticed Sonja
 13216 | Orc:1    | Killed Sonja
 13217 | Orc:1    | Reached XP level 13. HP: 30/101 MP: 5/18
 13550 | Orc:2    | Entered Level 2 of the Orcish Mines
 13699 | Orc:2    | Received a gift from Okawaru
 13903 | Orc:2    | Received a gift from Okawaru
 13922 | Orc:2    | Reached skill level 13 in Ranged Weapons
 13933 | Orc:2    | Reached skill level 10 in Fighting
 13945 | Orc:2    | Found Epnuden's Antique Weapon Emporium.
 13945 | Orc:2    | Found Ratoaxku's General Store.
 13946 | Orc:2    | Found Riremat's Antique Armour Emporium.
 13946 | Orc:2    | Found Kukh's Magic Scroll Shoppe.
 13960 | Orc:2    | Bought a scroll of identify for 32 gold pieces
 13960 | Orc:2    | Bought a scroll of identify for 32 gold pieces
 13960 | Orc:2    | Bought a scroll of identify for 32 gold pieces
 14028 | Orc:2    | Reached skill level 10 in Armour
 14273 | Orc:2    | Found a staircase to the Elven Halls.
 14555 | Elf:1    | Entered Level 1 of the Elven Halls
 14625 | Elf:1    | Noticed a deep elf sorcerer
 14625 | Abyss:2  | Cast into level 2 of the Abyss (a deep elf sorcerer)
 14693 | Abyss:2  | Received a gift from Okawaru
 14706 | Abyss:2  | Noticed a starcursed mass
 14740 | Abyss:2  | Paralysed by accursed screaming for 1 turns
 14747 | Abyss:2  | Noticed a reaper
 14753 | Abyss:2  | Killed a reaper
 14754 | Abyss:2  | HP: 4/103 [something (4)]
 14755 | Abyss:2  | Slain by a harpy skeleton

Illustrated notes

Levels and vault maps discovered:
D:1:      ebering_trefoil_3fold, layout_rooms, serial_bayou_ford_a
D:2:      layout_loops_ring, serial_shops, shop, chequers_mini_garden
D:3:      layout_basic, shapermc_ecumenical_altar_acropolis,
          mainiacjoe_sewer_entry_somewhere_in_here_1
D:4:      layout_basic, mainiacjoe_overflow_24_doors, kennysheep_vampire_church,
          minmay_temple_entry_mini_moons
D:5:      layout_basic, trog_three_pillars_becter, nicolae_elyvilon_temple_path,
          minitemple
D:6:      hangedman_cross_stitches, layout_basic, st_stairs_8,
          grunt_ministairs_10, uniq_eustachio
D:7:      layout_loops_corners, enter_bailey_4, corexii_leaking_fountain,
          kennysheep_flooded_box, uniq_maurice, uniq_crazy_yiuf_cottage,
          uniq_maggie
D:8:      layout_gridville, nicolae_looking_at_the_future
D:9:      layout_long_grid, lair_entry_dummy, serial_shops,
          nicolae_shop_dealshenge
D:10:     layout_loops_ring, lemuel_crystal_altar, minmay_misc_feat_x,
          nicolae_concentric_dashed_squares_mild,
          nicolae_elevator_lobby_asterisk
D:11:     cheibrodos_statue_roulette, layout_cross,
          hellmonk_okawaru_the_only_friend_you_need
D:12:     layout_basic, david_orc_3, serial_aquarium, aquarium_bridge_square
          [aquarium_subvault_wall, aquarium_subvault_bridge,
          aquarium_subvault_wall, aquarium_subvault_wall], aquarium_window_fake,
          aquarium_window_2, aquarium_view_2b, aquarium_pool_split,
          nicolae_twisting_strands, uniq_josephine, uniq_jorgrun
D:13:     layout_cave_pools, david_vaults_1
Temple:   nicolae_temple_bog_church
Orc:1:    layout_diamond_mine, serial_shops, uniq_sonja
Orc:2:    st_orc_pillars, layout_caves, nicolae_orc_lava_tube
Elf:1:    layout_geoelf_diagonals, serial_shops, nicolae_shop_peninsula,
          minmay_elf_annihilation
Abyss:2:  base: D:12, serial_sigils_hangedman_snap, lemuel_flamethrower_hall,
          lemuel_flamethrower_hall

Skill      XL: |  1  2  3  4  5  6  7  8  9 10 11 12 13 |
---------------+----------------------------------------+-----
Stealth        | 1 |  1.8
Dodging        | 2 |  2.5
Ranged Weapons | 4 5 6 7 8 9 11 12 13 | 13.3
Fighting       | 3 4 5 6 7 8 9 10 | 10.2
Armour         | 1 2 3 4 5 7 8 10 | 10.4
Evocations     | 1 4 5 7 9 10 11 | 11.7
Invocations    | 1 2 3 4 5 6 7 |  7.6

Action                     |  1- 3 |  4- 6 |  7- 9 | 10-12 | 13-15 || total
---------------------------+-------+-------+-------+-------+-------++-------
  Melee: Sling             |       |       |     4 |       |       ||     4
   Fire: Sling             |   164 |   348 |   784 |  1314 |   213 ||  2823
         Hand cannon       |       |       |       |    58 |   213 ||   271
 Invoke: Heroism           |       |       |     3 |     4 |       ||     7
         Finesse           |       |       |       |     1 |     2 ||     3
         Receive Weapon    |       |       |       |     1 |       ||     1
         Receive Armour    |       |       |       |     1 |       ||     1
  Evoke: Wand              |       |       |     7 |    15 |     3 ||    25
         Phial of floods   |       |       |       |     1 |       ||     1
    Use: Scroll            |       |     7 |     6 |    10 |     5 ||    28
         Potion            |       |       |     3 |     6 |     3 ||    12
 Armour: Leather armour    |     7 |    26 |       |       |       ||    33
         Scale mail        |       |    52 |   270 |   428 |       ||   750
         Plate armour      |       |       |       |    58 |   153 ||   211
  Dodge: Dodged            |    15 |    28 |   151 |   211 |    35 ||   440

Table legend: (Time is in decaauts)
 A = Elapsed time spent in this place.
 B = Non-inter-level travel time spent in this place.
 C = Inter-level travel time spent in this place.
 D = Time resting spent in this place.
 E = Time spent auto-exploring this place.
 F = Levels seen in this place.
 G = Mean time per level.
                   A        B        C        D        E       F      G
               +--------+--------+--------+--------+--------+-----+--------+
         Total |  15316 |  14679 |    637 |   2207 |   8844 |  20 |  765.8 |
       Dungeon |  12378 |  11827 |    551 |   1597 |   7759 |  13 |  952.2 |
        Temple |     26 |     26 |      0 |      0 |      0 |   1 |   26.0 |
  Orcish Mines |   1521 |   1436 |     85 |     20 |    884 |   2 |  760.5 |
   Elven Halls |     71 |     71 |      0 |      0 |     48 |   1 |   71.0 |
         Abyss |    148 |    148 |      0 |      0 |      0 |   1 |  148.0 |
         Sewer |    436 |    436 |      0 |    182 |    115 |   1 |  436.0 |
        Bailey |    733 |    733 |      0 |    408 |     37 |   1 |  733.0 |
               +--------+--------+--------+--------+--------+-----+--------+

Top non-repeatable levels by time:
     D:6: 1709 daAuts
    D:12: 1351 daAuts
     D:7: 1343 daAuts
     D:4: 1180 daAuts
     D:9: 1145 daAuts
     D:3: 1059 daAuts
     D:8: 980 daAuts
   Orc:2: 952 daAuts
    D:11: 908 daAuts
    D:10: 821 daAuts
     D:2: 784 daAuts
  Bailey: 733 daAuts
     D:5: 642 daAuts
   Orc:1: 569 daAuts
   Sewer: 436 daAuts
